 Dungeon Crawl Stone Soup version 0.30-a0-591-g3c58d2bc28 (webtiles) character file.

Game seed: 10695915890092741167

59 freelancePsychic the Sneak (level 3, -1/42 HPs)
             Began as an Armataur Transmuter on Jan 5, 2023.
             Was an Initiate of Okawaru.
             Slain by a gnoll
             ... wielding a +0 halberd
              (7 damage)
             ... on level 4 of the Dungeon.
             The game lasted 00:03:42 (1639 turns).

freelancePsychic the Sneak (Armataur Transmuter)    Turns: 1639, Time: 00:03:43

Health: -1/42      AC: 21    Str: 17    XL:     3   Next: 78%
Magic:  5/5        EV:  1    Int: 13    God:    Okawaru [......]
Gold:   98         SH:  5    Dex: 10    Spells: 4/5 levels left

rFire   . . .      SeeInvis +    d - +0 dagger
rCold   . . .      Faith    .    i - +2 buckler
rNeg    . . .      Spirit   .    (body armour currently unavailable)
rPois   +          Reflect  .    (helmet currently unavailable)
rElec   .          Harm     .    (cloak currently unavailable)
rCorr   .          Roll     +    (gloves currently unavailable)
Will    .....      NoTele   +    (no barding)
Stlth   ++                       (no amulet)
HPRegen 0.27/turn                j - ring of see invisible
MPRegen 0.09/turn                (no ring)

@: tree-form
A: stationary, stasis, torment immunity, boosted hp, large, rugged brown scales
3, (deformed body), (armoured tail), roll, long tongue, awkward tongue
a: Renounce Religion


You were on level 4 of the Dungeon.
You worshipped Okawaru.
Okawaru was noncommittal.
You were a tree.
You visited 1 branch of the dungeon, and saw 4 of its levels.

You collected 98 gold pieces.

Inventory:

Hand Weapons
 d - a +0 dagger (weapon)
Armour
 a - a +0 robe (melded)
 h - a +0 helmet (melded)
 i - a +2 buckler (worn)
Jewellery
 j - a ring of see invisible (left branch)
 k - a ring of ice
Scrolls
 c - 4 scrolls of identify {@r1}
 e - 2 scrolls of fear
 g - a scroll of fog
 l - a scroll of torment {unknown}


   Skills:
 + Level 0.9 Fighting
 + Level 1.9 Short Blades
 - Level 1.3 Dodging
 - Level 3.0 Stealth
 + Level 0.0 Shields
 - Level 2.7 Unarmed Combat
 - Level 1.7 Spellcasting
 - Level 1.7 Transmutations
 + Level 0.0 Invocations


You had 4 spell levels left.
You knew the following spells:

 Your Spells              Type           Power      Damage    Failure   Level
a - Beastly Appendage     Tmut           10%        N/A       16%         1

Your spell library contained the following spells:

 Spells                   Type           Power      Damage    Failure   Level
 Wereblood                Tmut           5%         N/A       24%         2
 Apportation              Tloc           2%         N/A       32%         1
 Necrotise                Necr           4%         1d4       32%         1
 Sublimation of Blood     Necr           1%         N/A       45%         2
 Spider Form              Tmut/Pois      3%         N/A       56%         3
 Ice Form                 Ice/Tmut       3%         N/A       93%         4
 Summon Small Mammal      Summ           Unusable   N/A       N/A         1
 Summon Hydra             Summ           Unusable   N/A       N/A         7

Dungeon Overview and Level Annotations

Branches:
Dungeon (4/15)
 Temple: D:4-7

Altars:
Okawaru

Annotations:
D:2 exclusions: 2 orcs, orc wizard and 3 more exclusions, Sigmund


Innate Abilities, Weirdness & Mutations

You are a tree.
Your roots penetrate the ground, keeping you stationary.
You cannot be teleported.
You are immune to unholy pain and torment.
Your maximum health is greatly increased.
Your equipment is partially melded.
(You are completely covered in rugged brown scales. (AC +3, +7% HP))
((Armour fits poorly on your strangely shaped body.))
((You have a long armoured tail.))
You roll when moving toward enemies. (Rampage)
Your long tongue fully drains potion bottles. (2x potion effects)
Your tongue gives you trouble enunciating. (1.5x scroll delay)


Message History

You hit the gnoll but do no damage. You hit the gnoll.
The gnoll is moderately wounded.
The gnoll hits you with a +0 halberd.
You are too injured to fight recklessly!
You are too injured to fight recklessly!
You are too injured to fight recklessly!
You are too injured to fight recklessly!
You are too injured to fight recklessly!
You are too injured to fight recklessly!
You are too injured to fight recklessly!
You are too injured to fight recklessly!
You are too injured to fight recklessly!
You are too injured to fight recklessly!
You are too injured to fight recklessly!
You are too injured to fight recklessly!
You are too injured to fight recklessly!
You are too injured to fight recklessly!
You are too injured to fight recklessly!
You are too injured to fight recklessly!
You closely miss the gnoll.
The gnoll is moderately wounded.
The gnoll barely misses you.
Really quaff the potion of lignification?
You slurp down every last drop of the potion of lignification!
You turn into a tree.
Your +0 helmet melds into your body.
Your +0 robe melds into your body.
Your roots penetrate the ground.
The gnoll hits you with a +0 halberd!
* * * LOW HITPOINT WARNING * * *
You closely miss the gnoll.
The gnoll is moderately wounded.
You block the gnoll's attack.
You barely miss the gnoll.
The gnoll is moderately wounded.
The gnoll hits you with a +0 halberd.
* * * LOW HITPOINT WARNING * * *
You hit the gnoll.
The gnoll is heavily wounded.
The gnoll hits you with a +0 halberd!
You die...

...........# ###...#
#######. ..#...# .. ..##.
#.#...#.#####.##. #
#.#.....g...#g##. ###.
#.#...#.....gg.#.
#...#####.#.#.#####.##.#.
#..[........### #...##.#.
#.......♣g.## #.#......
#.........†# #.#.###..
#..........# # #.# #..
######.##### #.# #.# #.#
#.# #.# #.. #<# ### ..#
###


You could see a gnoll.

Vanquished Creatures
  An adder (D:2)
  A worm (D:2)
  2 dart slugs
  6 endoplasms
  A giant cockroach (D:2)
  3 goblins
  3 hobgoblins
  7 jackals (D:1)
  2 quokkas
  3 ball pythons
  2 bats (D:2)
  4 kobolds
  3 rats
38 creatures vanquished.

Notes
Turn   | Place    | Note
-------+----------+-------------------------------------------
     0 | D:1      | freelancePsychic the Armataur Transmuter began the quest
                  | for the Orb.
     0 | D:1      | Reached XP level 1. HP: 16/16 MP: 3/3
    27 | D:1      | Reached skill level 1 in Stealth
   151 | D:1      | Reached XP level 2. HP: 23/23 MP: 4/4
   169 | D:1      | Reached skill level 2 in Stealth
   787 | D:2      | Noticed Sigmund
   883 | D:2      | Found an iron altar of Okawaru.
   890 | D:2      | Reached skill level 1 in Short Blades
   890 | D:2      | Reached XP level 3. HP: 28/28 MP: 5/5
   891 | D:2      | Became a worshipper of Warmaster Okawaru
   967 | D:2      | Reached skill level 3 in Stealth
  1639 | D:4      | Slain by a gnoll

Illustrated notes

Levels and vault maps discovered:
D:1:      shiori_arrival_oz, layout_loops_ring
D:2:      layout_basic, basic_altar, uniq_sigmund
D:3:      layout_basic, lemuel_crystal_altar,
          shapermc_ecumenical_altar_acropolis, uniq_jessica
D:4:      layout_basic, portal_sewer_entry_e, roderic_lattice_a,
          dreamdust_wishing_well

Skill      XL: |  1  2  3 |
---------------+----------+-----
Stealth        | 1 2 3 |  3.0
Short Blades   | 1 |  1.9
Fighting       | |  0.9
Dodging        | |  1.3
Unarmed Combat | |  2.7
Spellcasting   | |  1.7
Transmutations | |  1.7

Action                   || total
-------------------------++-------
Melee: Dagger            ||   138
       Unarmed           ||     5
       Tailslap          ||    15
       Punch             ||     4
  Use: Scroll            ||     5
       Potion            ||     3
 Stab: Sleeping          ||     9
       Distracted        ||     1
Armor: Robe              ||    44
       Skin              ||    11
Dodge: Dodged            ||    46
Block: Buckler           ||     3

Table legend: (Time is in decaauts)
 A = Elapsed time spent in this place.
 B = Non-inter-level travel time spent in this place.
 C = Inter-level travel time spent in this place.
 D = Time resting spent in this place.
 E = Time spent auto-exploring this place.
 F = Levels seen in this place.
 G = Mean time per level.
                   A        B        C        D        E       F      G
               +--------+--------+--------+--------+--------+-----+--------+
         Total |   1632 |   1531 |    101 |     60 |   1121 |   4 |  408.0 |
       Dungeon |   1632 |   1531 |    101 |     60 |   1121 |   4 |  408.0 |
               +--------+--------+--------+--------+--------+-----+--------+

Top non-repeatable levels by time:
     D:1: 749 daAuts
     D:2: 706 daAuts
     D:3: 137 daAuts
     D:4: 39 daAuts
